 Dungeon Crawl Stone Soup version 0.27-a0-1332-g84bddb5ca7 (webtiles) character file.

Game seed: 3996730157014971843

81 kae the Chopper (level 4, 0/41 HPs)
             Began as a Hill Orc Fighter on June 25, 2021.
             Slain by an orc (3 damage)
             ... on level 3 of the Dungeon.
             The game lasted 00:01:22 (2086 turns).

kae the Chopper (Hill Orc Fighter)                  Turns: 2086, Time: 00:01:23

Health: 0/41       AC:  6    Str: 19    XL:     4   Next: 40%
Magic:  4/4        EV:  7    Int:  8    God:
Gold:   83         SH:  9    Dex: 10    Spells: 3/3 levels left

rFire    . . .     SeeInvis .   a - +0 war axe
rCold    . . .     Faith    .   c - +0 kite shield
rNeg     . . .     Spirit   .   b - +0 scale mail
rPois    .         Reflect  .   (no helmet)
rElec    .         Harm     .   (no cloak)
rCorr    .         Rampage  .   (no gloves)
Will     .....                  (no boots)
Stlth    ..........             (no amulet)
HPRegen  0.13/turn              (no ring)
MPRegen  0.09/turn              (no ring)

@: mighty
A: no striking features
a: no special abilities


You were on level 3 of the Dungeon.
You visited 1 branch of the dungeon, and saw 3 of its levels.

You collected 83 gold pieces.

Inventory:

Hand Weapons
 a - a +0 war axe (weapon)
Armour
 b - a +0 scale mail (worn)
 c - a +0 kite shield (worn)
Scrolls
 e - 2 scrolls of summoning
 f - a scroll of teleportation
 h - a scroll of enchant weapon {unknown}
Potions
 d - a potion of might


   Skills:
 + Level 4.5 Fighting
 * Level 5.2 Axes
 - Level 3.2 Armour
 - Level 3.2 Shields


You had 3 spell levels left.
You didn't know any spells.
Your spell library contained the following spells:

 Spells                   Type           Power      Damage    Failure   Level
 Magic Dart               Conj           0%         1d3       99%         1
 Blink                    Tloc           N/A        N/A       100%        2
 Call Imp                 Summ           0%         N/A       100%        2
 Slow                     Hex            0%         N/A       100%        2
 Conjure Flame            Conj/Fire      0%         6-21      100%        3
 Mephitic Cloud           Conj/Pois/Air  0%         N/A       100%        3


Dungeon Overview and Level Annotations

Branches:
Dungeon (3/15)

Altars:
Uskayaw


Message History

You see here a jackal corpse.
You are too injured to fight recklessly!
You are too injured to fight recklessly!
You slash the orc!
You kill the orc!
Your shield prevents you from hitting the orc.
The orc hits you but does no damage. The orc barely misses you. x2
The orc priest shouts, "Join the one true god or die!"
You slash the orc!
You kill the orc!
You barely miss the orc.
The orc priest shouts, "Surrender to Beogh and we'll let you live!"
You block the orc's attack. The orc priest barely misses you.
You closely miss the orc priest. You closely miss the orc.
The orc hits you with a +0 dagger.
The orc priest mumbles some strange prayers to Beogh against you.
Beogh smites you!
* * * LOW HITPOINT WARNING * * *
You barely miss the orc priest.
The orc priest threatens, "By the altar or by the axe, you will meet Beogh!"
You closely miss the orc. You block the orc's attack.
The orc priest invokes the aid of Beogh against you.
Pain shoots through your body!
* * * LOW HITPOINT WARNING * * *
The orc barely misses you.
The orc priest hits you but does no damage.
You hit the orc priest.
The orc priest is moderately wounded.
You closely miss the orc. You block the orc's attack.
The orc priest miscasts a cantrip.
You feel very mighty all of a sudden. The orc hits you with a +0 dagger.
* * * LOW HITPOINT WARNING * * *
The orc priest barely misses you.
The orc priest threatens, "By the altar or by the axe, you will meet Beogh!"
You slash the orc priest!
You kill the orc priest!
You hit the orc. The orc hits you but does no damage.
The hobgoblin closely misses you. The orc hits you with a +0 dagger.
You die...

#.......##.##.#..
#.............#.#.
#.......#####.#...
#.......#####..._.
... #...#.#... ##
#.....#.#. #####
#...###.. #...###
##.## ###
#...@g#######.######
#...#o...............
############).#######
#..## #h##


ho ho# .og .... You could see an orc and a hobgoblin.

Vanquished Creatures
  An orc priest (D:3)
  Jessica (D:2)
  2 adders (D:2)
  3 orcs (D:3)
  2 ball pythons (D:1)
  3 bats
  3 endoplasms
  4 goblins
  3 hobgoblins
  3 jackals (D:3)
  A quokka (D:3)
  2 frilled lizards (D:1)
  3 kobolds
  A rat (D:1)
32 creatures vanquished.

Vanquished Creatures (collateral kills)
  A ball python (D:3)
1 creature vanquished.

Vanquished Creatures (others)
  3 plants (D:2)
3 creatures vanquished.

Grand Total: 36 creatures vanquished

Notes
Turn   | Place    | Note
-------+----------+-------------------------------------------
     0 | D:1      | kae the Hill Orc Fighter began the quest for the Orb.
     0 | D:1      | Reached XP level 1. HP: 19/19 MP: 1/1
    77 | D:1      | Reached skill level 3 in Axes
   165 | D:1      | Reached XP level 2. HP: 22/27 MP: 2/2
   373 | D:1      | Found a faded altar of an unknown god.
  1025 | D:2      | Reached skill level 4 in Axes
  1025 | D:2      | Reached XP level 3. HP: 33/33 MP: 3/3
  1572 | D:2      | Noticed Jessica
  1579 | D:2      | Killed Jessica
  1580 | D:2      | Reached XP level 4. HP: 26/41 MP: 4/4
  1802 | D:2      | Reached skill level 5 in Axes
  2045 | D:3      | Found a hide-covered altar of Uskayaw.
  2086 | D:3      | Slain by an orc

Illustrated notes

Levels and vault maps discovered:
D:1:      sevenhm_arrival_forest_fort_small_4, layout_basic,
          hellmonk_ecumenical_altar_zigzags
D:2:      layout_loops_ring, serial_bayou_pond_b, uniq_jessica
D:3:      layout_rooms, nicolae_uskayaw_dance_hall, serial_shops,
          nicolae_shop_stone

Skill      XL: |  1  2  3  4 |
---------------+-------------+-----
Axes           | 3 4 5 |  5.2
Fighting       | 4 |  4.5
Armour         | |  3.2
Shields        | |  3.2

Action                   |  1- 3 |  4- 6 || total
-------------------------+-------+-------++-------
Melee: War axe           |    86 |    22 ||   108
  Use: Scroll            |     1 |     1 ||     2
       Potion            |       |     2 ||     2
Armor: Scale mail        |    32 |    15 ||    47
Dodge: Dodged            |    33 |    12 ||    45
Block: Kite shield       |    36 |    18 ||    54

Table legend: (Time is in decaauts)
 A = Elapsed time spent in this place.
 B = Non-inter-level travel time spent in this place.
 C = Inter-level travel time spent in this place.
 D = Time resting spent in this place.
 E = Time spent auto-exploring this place.
 F = Levels seen in this place.
 G = Mean time per level.
                   A        B        C        D        E       F      G
               +--------+--------+--------+--------+--------+-----+--------+
         Total |   2159 |   2093 |     66 |      0 |   1833 |   3 |  719.7 |
       Dungeon |   2159 |   2093 |     66 |      0 |   1833 |   3 |  719.7 |
               +--------+--------+--------+--------+--------+-----+--------+

Top non-repeatable levels by time:
     D:2: 1074 daAuts
     D:1: 1007 daAuts
     D:3: 77 daAuts
